 Dungeon Crawl Stone Soup version 0.26-a0-753-g4680b4fa2e (webtiles) character file.

Game seed: 14356876900711281458

148 Queen the Chucker (level 5, -1/50 HPs)
             Began as a Troll Hunter on Nov 7, 2020.
             Slain by a gnoll
             ... wielding a +0 halberd
              (5 damage)
             ... on level 3 of the Dungeon.
             The game lasted 00:04:53 (2183 turns).

Queen the Chucker (Troll Hunter)                    Turns: 2183, Time: 00:04:54

Health: -1/50      AC:  6    Str: 21    XL:     5   Next: 8%
Magic:  4/4        EV: 10    Int:  7    God:
Gold:   91         SH:  0    Dex: 10    Spells: 4/4 levels left

rFire    . . .     SeeInvis .     - Unarmed
rCold    . . .     Faith    .   (no shield)
rNeg     . . .     Spirit   .   b - +0 robe
rPois    .         Reflect  .   (helmet restricted)
rElec    .         Harm     .   (no cloak)
rCorr    .         Rampage  .   (gloves unavailable)
MR       .....                  (boots unavailable)
Stlth    +.........             (no amulet)
HPRegen  0.56/turn              (no ring)
MPRegen  0.09/turn              (no ring)

@: no status effects
A: large, unfitting armour, claws 3, regeneration 1, shaggy fur 1, tough skin 3
a: no special abilities


You were on level 3 of the Dungeon.
You visited 1 branch of the dungeon, and saw 3 of its levels.

You collected 91 gold pieces.

Inventory:

Missiles
 u - 25 stones (quivered)
Armour
 b - a +0 robe (worn)
Jewellery
 c - an uncursed ring of protection from magic {unknown}
 f - an uncursed ring of resist corrosion {unknown}
 m - an uncursed amulet of regeneration {unknown}
 o - an uncursed ring of fire {unknown}
 s - a cursed ring of attention {unknown}
 t - an uncursed amulet of regeneration {unknown}
Scrolls
 e - a scroll of random uselessness {unknown}
 g - 2 scrolls of remove curse {unknown}
 i - 3 scrolls of teleportation {unknown}
 j - 2 scrolls of enchant weapon {unknown}
 l - 3 scrolls of identify {unknown}
 p - a scroll of enchant armour {unknown}
Potions
 a - a potion of curing {unknown}
 d - a potion of magic {unknown}
 h - a potion of ambrosia {unknown}
 k - a potion of cancellation {unknown}
 n - a potion of lignification {unknown}
 q - a potion of heal wounds {unknown}
 r - a potion of resistance {unknown}


   Skills:
 + Level 2.6 Fighting
 + Level 4.3 Throwing
 - Level 2.0 Dodging
 - Level 1.0 Stealth
 + Level 2.3 Unarmed Combat


You had 4 spell levels left.
You didn't know any spells.
Your spell library was empty.

Dungeon Overview and Level Annotations

Branches:
Dungeon (3/15)

Altars:
Ru


Innate Abilities, Weirdness & Mutations

You are too large for most types of armour.
You have claws for hands.
Your natural rate of healing is unusually fast.
You are covered in fur. (AC +1)
You have extremely tough skin. (AC +3)


Message History

* * * LOW HITPOINT WARNING * * *
You miss the adder. The adder closely misses you. The gnoll closely misses you.
You claw the adder!
The adder is severely wounded.
You feel sick.
You are no longer poisoned.
The adder barely misses you.
The gnoll hits you from afar with a +0 halberd!
* * * LOW HITPOINT WARNING * * *
You closely miss the adder.
The adder is severely wounded.
The adder misses you.
You scratch the adder.
You kill the adder!
You have reached level 5!
The gnoll closely misses you.
You claw the gnoll!
You kill the gnoll!
The gnoll hits you from afar with a +0 halberd.
You die...

#(##.###..^..#
.((.. .((...#
..###(.##(....#
.(....)g(.....#
#+#####.)#....#
#.g....##
#.###gg#
#..##).#
#(.##@.#
+...#..### ##
#......... #.#
#......### #..#
#.##...... +...#
#.##.....#
#....##.##.....#
#.....#..#.....#
#....#..# ..###


You could see 2 gnolls.

Vanquished Creatures
  2 gnolls (D:3)
  7 adders
  3 dart slugs
  2 leopard geckos (D:2)
  An orc (D:3)
  2 giant cockroaches
  10 goblins
  4 hobgoblins
  5 jackals
  8 kobolds
  4 bats
  10 rats
58 creatures vanquished.

Notes
Turn   | Place    | Note
-------+----------+-------------------------------------------
     0 | D:1      | Queen the Troll Hunter began the quest for the Orb.
     0 | D:1      | Reached XP level 1. HP: 19/19 MP: 0/0
   130 | D:1      | Reached XP level 2. HP: 28/28 MP: 1/1
   538 | D:1      | Reached skill level 1 in Unarmed Combat
   783 | D:1      | Reached XP level 3. HP: 35/35 MP: 2/2
  1090 | D:2      | Reached skill level 1 in Stealth
  1168 | D:2      | Reached skill level 4 in Throwing
  1168 | D:2      | Reached XP level 4. HP: 42/42 MP: 3/3
  1206 | D:2      | Found a sacrificial altar of Ru.
  2180 | D:3      | HP: 2/44 [gnoll/+0 halberd (8)]
  2182 | D:3      | Reached XP level 5. HP: 3/50 MP: 4/4
  2183 | D:3      | Slain by a gnoll

Illustrated notes

Levels and vault maps discovered:
D:1:      heliophobic_arrival_battle_scene, layout_loops_corners, minivault_25
D:2:      layout_loops_ring, lemuel_crystal_altar
D:3:      layout_basic, marbit_many_paths, minmay_quadrilaterals

Skill      XL: |  1  2  3  4 |
---------------+-------------+-----
Unarmed Combat | 1 2 |  2.3
Dodging        | 2 |  2.0
Fighting       | 2 |  2.6
Stealth        | 1 |  1.0
Throwing       | 4 |  4.3

Action                   |  1- 3 |  4- 6 || total
-------------------------+-------+-------++-------
Melee: Short sword       |    12 |       ||    12
       Unarmed           |    24 |    70 ||    94
Throw: Large rock        |    38 |     6 ||    44
       Throwing net      |     2 |     4 ||     6
       Stone             |       |    22 ||    22
 Stab: Sleeping          |     1 |       ||     1
Armor: Robe              |    17 |    16 ||    33
Dodge: Dodged            |    12 |    40 ||    52

Table legend: (Time is in decaauts)
 A = Elapsed time spent in this place.
 B = Non-inter-level travel time spent in this place.
 C = Inter-level travel time spent in this place.
 D = Time resting spent in this place.
 E = Time spent auto-exploring this place.
 F = Levels seen in this place.
 G = Mean time per level.
                   A        B        C        D        E       F      G
               +--------+--------+--------+--------+--------+-----+--------+
         Total |   2214 |   1990 |    224 |      7 |   1622 |   3 |  738.0 |
       Dungeon |   2214 |   1990 |    224 |      7 |   1622 |   3 |  738.0 |
               +--------+--------+--------+--------+--------+-----+--------+

Top non-repeatable levels by time:
     D:1: 1157 daAuts
     D:2: 852 daAuts
     D:3: 205 daAuts
